 Dungeon Crawl Stone Soup version 0.20.1-1-g8b1a95d (webtiles) character file.

114 renl the Covered (level 4, -10/37 HPs)
             Began as a Barachi Fighter on July 13, 2017.
             Mangled by an ogre
             ... wielding a +0 giant club
              (24 damage)
             ... on level 4 of the Dungeon.
             The game lasted 00:06:49 (1867 turns).

renl the Covered (Barachi Fighter)                  Turns: 1867, Time: 00:06:50

Health: -10/37     AC:  8    Str: 18    XL:     4   Next: 98%
Magic:  4/4        EV:  8    Int:  8    God:
Gold:   146        SH:  9    Dex: 12    Spells: 3/3 levels left

rFire    . . .     SeeInvis .   s - -3 rapier (curse)
rCold    . . .     Gourm    .   c - +0 shield
rNeg     . . .     Faith    .   b - +0 scale mail
rPois    +         Spirit   .   (no helmet)
rElec    .         Reflect  .   (no cloak)
rCorr    .         Harm     .   g - +0 pair of gloves
MR       .....                  (no boots)
Stlth    ..........             (no amulet)
Regen    0.2/turn               e - ring of loudness (curse)
MPRegen  0.1/turn               m - ring of poison resistance

@: slow
A: +LOS, swims, slowness 1, strong legs 1
a: Hop


You were on level 4 of the Dungeon.
You were not hungry.

You visited 1 branch of the dungeon, and saw 4 of its levels.

You collected 146 gold pieces.

Inventory:

Hand Weapons
 a - a +0 long sword
 s - a cursed -3 rapier (weapon)
Armour
 b - a +0 scale mail (worn)
 c - a +0 shield (worn)
 g - a +0 pair of gloves (worn)
Jewellery
 e - a cursed ring of loudness (left hand)
 m - a ring of poison resistance (right hand)
Scrolls
 i - a scroll of teleportation
 q - a scroll of blinking
Potions
 d - a potion of might
 j - a potion of heal wounds
 k - a potion of flight {unknown}
 l - a potion of degeneration {unknown}
 o - 2 potions of curing {unknown}
Comestibles
 f - 2 bread rations
 h - a royal jelly
 n - 2 meat rations
 p - 2 fruits


   Skills:
 + Level 4.0 Fighting
 + Level 4.2 Long Blades
 + Level 4.8 Armour
 + Level 1.6 Dodging
 - Level 3.2 Shields


You had 3 spell levels left.
You didn't know any spells.

Dungeon Overview and Level Annotations

Branches:
Dungeon (4/15)
 Temple: D:4-7

Altars:
Elyvilon
Fedhas
Nemelex Xobeh
Qazlal
Ru
Xom


Innate Abilities, Weirdness & Mutations

Shadows flee at your approach. (+LOS)
You can swim through water.
You cover ground slowly.
You can hop short distances.


Message History

The ogre hits you with a giant club!!
Ouch! That really hurt!
You are too injured to fight recklessly!
You are too injured to fight recklessly!
There is an open door here.
You are too injured to fight recklessly!
You are too injured to fight recklessly!
You are too injured to fight recklessly!
You are too injured to fight recklessly!
You are too injured to fight recklessly!
You are too injured to fight recklessly!
You are too injured to fight recklessly!
You hit the ogre.
The ogre is moderately wounded.
The ogre closely misses you.
You hit the ogre.
The ogre is heavily wounded.
The ogre hits you with a giant club!!
Ouch! That really hurt!
You die...

.###### ....
....... ....#
.......###+##....#
.................#
.................+
...$.............#
........w........#
#######O####....#
#@...# .# #.<.<#
######


You could see an ogre and a worm.

Vanquished Creatures
  2 adders
  An ooze (D:2)
  3 dart slugs (D:3)
  A leopard gecko (D:1)
  2 orcs (D:3)
  4 giant cockroaches
  3 hobgoblins
  19 jackals
  A quokka (D:3)
  A ball python (D:1)
  7 bats
  4 frilled lizards
  9 goblins
  12 kobolds
  9 rats
78 creatures vanquished.

Notes
Turn   | Place    | Note
-------+----------+-------------------------------------------
     0 | D:1      | renl the Barachi Fighter began the quest for the Orb.
     0 | D:1      | Reached XP level 1. HP: 18/18 MP: 1/1
   244 | D:1      | Reached XP level 2. HP: 22/25 MP: 2/2
   488 | D:2      | Reached XP level 3. HP: 27/30 MP: 3/3
   585 | D:2      | Found a blossoming altar of Fedhas.
   804 | D:2      | Reached skill level 1 in Dodging
  1131 | D:3      | Found a stormy altar of Qazlal.
  1164 | D:3      | Reached XP level 4. HP: 31/37 MP: 4/4
  1227 | D:3      | Noticed an earth elemental
  1227 | D:3      | Noticed an air elemental
  1227 | D:3      | Noticed a fire elemental
  1227 | D:3      | Noticed a water elemental
  1249 | D:3      | Found a sacrificial altar of Ru.
  1405 | D:3      | Found a shimmering altar of Xom.
  1712 | D:3      | Found a sparkling altar of Nemelex Xobeh.
  1715 | D:3      | Found a white marble altar of Elyvilon.
  1857 | D:4      | Noticed an ogre
  1867 | D:4      | Mangled by an ogre

Skill      XL: |  1  2  3  4 |
---------------+-------------+-----
Armour         | 4 |  4.8
Long Blades    | 3 4 |  4.2
Dodging        | 1 |  1.6
Fighting       | 4 |  4.0
Shields        | |  3.2

Action                   |  1- 3 |  4- 6 || total
-------------------------+-------+-------++-------
Melee: Long sword        |   118 |   112 ||   230
       Rapier            |       |    55 ||    55
  Use: Scroll            |     4 |     3 ||     7
  Eat: Chunk             |     1 |     4 ||     5
Armor: Scale mail        |    69 |   139 ||   208
Dodge: Dodged            |    41 |   101 ||   142
Block: Shield            |    80 |   123 ||   203
       Rpst.: Long sword |    14 |    21 ||    35
